[Event "Titled Tuesday Blitz May 17 Late 2022"]
[White "Xiong, Jeffery"]
[Black "Kaasen, Tor Fredrik"]
[WhiteFideId "2047640"]
[BlackFideId "1516647"]
[WhiteElo "2727"]
[BlackElo "2335"]
[Result "1-0"]
[Round "07"]
[TimeControl "180+1"]
[Date "2022.05.17"]
[WhiteClock "0:02:56"]
[BlackClock "0:02:47"]

1. e4 e5 2. Nf3 Nc6 3. Nc3 Nf6 4. d4 exd4 5. Nxd4 Bb4 6. Nxc6 bxc6 7. Bd3 O-O 8. O-O d5 9. exd5 cxd5 10. h3 c6 11. Qf3 Rb8 12. Bf4 Bd6 13. b3 Be6 14. Ne2 Re8 15. Rfd1 Qc7 16. c4 dxc4 17. Bxd6 1-0


[Site "https://www.chess.com"]

[Event "Titled Tuesday Blitz May 17 Late 2022"]
[White "Abdyzhapar, Asylbek"]
[Black "Bluebaum, Matthias"]
[WhiteFideId "13800337"]
[BlackFideId "24651516"]
[WhiteElo "2331"]
[BlackElo "2556"]
[Result "0-1"]
[Round "08"]
[TimeControl "180+1"]
[Date "2022.05.17"]
[WhiteClock "0:00:22"]
[BlackClock "0:00:18"]

1. c4 e6 2. g3 d5 3. Bg2 Nf6 4. Nf3 dxc4 5. O-O a6 6. a4 Nc6 7. Na3 e5 8. Nxc4 e4 9. Ne1 Be6 10. Ne3 Nd4 11. d3 Bb3 12. Qd2 Be6 13. dxe4 Nb3 14. Qxd8+ Rxd8 15. Rb1 Nd4 16. e5 Nxe2+ 17. Kh1 Nd5 18. N1c2 Nxc1 19. Rbxc1 Bc5 20. Rfe1 O-O 21. f4 c6 22. f5 Nxe3 23. fxe6 Nxg2 24. exf7+ Rxf7 25. Kxg2 Rf2+ 26. Kh3 Rdd2 27. Ne3 Rxh2+ 28. Kg4 Be7 29. Nf5 h5+ 30. Kf4 Rhf2+ 31. Ke4 Bg5 32. Rcd1 Rde2+ 33. Rxe2 Rxe2+ 34. Kd4 Rxb2 35. Re1 g6 36. Nd6 b6 37. Ne4 Be7 38. Kc3 Ra2 39. Kb3 Ra3+ 40. Kb2 Rxa4 41. Nc3 Rb4+ 42. Kc2 Rg4 43. Ne4 a5 44. Kd3 a4 45. Rc1 c5 46. Rb1 Bd8 47. Ke3 Kf7 48. Rd1 Be7 49. Rb1 Ke6 50. Rxb6+ Kxe5 51. Nd2 Rxg3+ 52. Ke2 Kd5 53. Ra6 a3 54. Nf3 c4 55. Ra5+ Bc5 56. Nd2 h4 57. Kd1 g5 58. Ra4 h3 59. Nxc4 h2 0-1


[Site "https://www.chess.com"]

[Event "Titled Tuesday Blitz May 17 Late 2022"]
[White "D`Arruda, Ricardo D."]
[Black "Rozovsky, Daniel"]
[WhiteFideId "100692"]
[BlackFideId "2020904"]
[WhiteElo "2493"]
[BlackElo "2643"]
[Result "0-1"]
[Round "08"]
[TimeControl "180+1"]
[Date "2022.05.17"]
[WhiteClock "0:00:10"]
[BlackClock "0:00:45"]

1. Nf3 Nf6 2. d4 d5 3. c4 e6 4. Nc3 Be7 5. Bf4 O-O 6. e3 b6 7. cxd5 Nxd5 8. Bg3 Bb7 9. Bd3 Nd7 10. O-O Nxc3 11. bxc3 c5 12. e4 cxd4 13. cxd4 Rc8 14. Qe2 Nf6 15. Rfc1 Qd7 16. a4 Rxc1+ 17. Rxc1 Rc8 18. Ra1 Bb4 19. h3 Bc3 20. Ra2 Bxd4 21. Nxd4 Qxd4 22. e5 Ne4 23. Bxe4 Bxe4 24. Kh2 Bd5 25. Ra3 Qb4 26. Ra1 h6 27. a5 bxa5 28. Qe3 Qb6 29. Qa3 Qb7 30. f3 Rc2 31. Kh1 Qb5 32. Qxa5 Qe2 33. Rg1 Bxf3 34. Qe1 Bxg2+ 35. Kh2 Bf3+ 36. Qxe2 Rxe2+ 37. Bf2 Rxf2+ 38. Kg3 Rg2+ 39. Rxg2 Bxg2 40. Kxg2 f6 0-1


[Site "https://www.chess.com"]

[Event "Titled Tuesday Blitz May 17 Late 2022"]
[White "Demchenko, Anton"]
[Black "Souleidis, Georgios"]
[WhiteFideId "4160258"]
[BlackFideId "4206827"]
[WhiteElo "2539"]
[BlackElo "2401"]
[Result "1-0"]
[Round "08"]
[TimeControl "180+1"]
[Date "2022.05.17"]
[WhiteClock "0:00:51"]
[BlackClock "0:00:05"]

1. e4 e5 2. Nf3 d6 3. d4 Bg4 4. dxe5 Nd7 5. h3 Bh5 6. Nc3 dxe5 7. Bc4 Bc5 8. Qe2 Ngf6 9. g4 Bg6 10. Bg5 c6 11. O-O-O Qc7 12. Nh4 O-O 13. Nxg6 hxg6 14. a4 a6 15. h4 b5 16. Bb3 Bd4 17. h5 Nc5 18. Ba2 b4 19. hxg6 b3 20. cxb3 Qb7 21. f3 Nxb3+ 22. Kc2 Rab8 23. Bxf6 gxf6 24. Rh8+ Kg7 25. Rh7+ Kg8 26. Qh2 Na1+ 27. Kd3 1-0


[Site "https://www.chess.com"]

[Event "Titled Tuesday Blitz May 17 Late 2022"]
[White "Domingo Nunez, Alejandro"]
[Black "Yuan, Qingyu"]
[WhiteFideId "22245561"]
[BlackFideId "8609772"]
[WhiteElo "2215"]
[BlackElo "2359"]
[Result "0-1"]
[Round "08"]
[TimeControl "180+1"]
[Date "2022.05.17"]
[WhiteClock "0:00:51"]
[BlackClock "0:00:42"]

1. c4 e6 2. Nc3 d5 3. g3 d4 4. Ne4 f5 5. d3 fxe4 6. dxe4 Nc6 7. a3 a5 8. Nf3 e5 9. Qc2 Nf6 10. e3 Bc5 11. Bg2 dxe3 12. fxe3 O-O 13. Bd2 Ng4 14. Ke2 Qe7 15. h3 Nf6 16. g4 Be6 17. Raf1 Rad8 18. Kd1 Bxe3 19. Kc1 Bxd2+ 20. Nxd2 Nd4 21. Qd3 b5 22. cxb5 Nb3+ 23. Qxb3 Bxb3 24. Nxb3 a4 25. Na1 Qc5+ 26. Nc2 Qxb5 27. Rf3 Rb8 28. Nb4 c5 29. Bf1 Qb6 30. Bc4+ Kh8 31. Nd3 Nxe4 32. Rxf8+ Rxf8 33. Nxe5 Qh6+ 34. Kc2 Qd2+ 35. Kb1 Nc3+ 36. Ka1 Nd1 37. Nd3 Rd8 38. Re1 h6 39. Re5 Rxd3 40. Re8+ Kh7 41. Bg8+ Kg6 0-1


[Site "https://www.chess.com"]

[Event "Titled Tuesday Blitz May 17 Late 2022"]
[White "Donchenko, Alexander"]
[Black "Andreikin, Dmitry"]
[WhiteFideId "24603295"]
[BlackFideId "4158814"]
[WhiteElo "2572"]
[BlackElo "2736"]
[Result "0-1"]
[Round "08"]
[TimeControl "180+1"]
[Date "2022.05.17"]
[WhiteClock "0:01:45"]
[BlackClock "0:01:38"]

1. d4 Nf6 2. Nf3 b6 3. g3 Bb7 4. Bg2 c5 5. dxc5 bxc5 6. c4 g6 7. b3 Bg7 8. Bb2 O-O 9. O-O d6 10. Nc3 Nbd7 11. Qc2 a5 12. Rad1 Ne8 13. e4 Nc7 14. Rfe1 Ne6 15. e5 Bxf3 16. Bxf3 Nd4 17. Rxd4 cxd4 18. exd6 exd6 19. Nb5 d3 20. Qd2 Bxb2 21. Bxa8 Qxa8 22. Qxb2 Ne5 23. Nd4 Qa7 24. Re3 a4 25. Kg2 Qb7+ 26. Nf3 Nxc4 27. Qd4 Nxe3+ 28. Qxe3 axb3 29. axb3 Qxb3 30. Qh6 Qd5 31. h4 d2 0-1


[Site "https://www.chess.com"]

[Event "Titled Tuesday Blitz May 17 Late 2022"]
[White "Dubov, Daniil"]
[Black "Rustemov, Alexander"]
[WhiteFideId "24126055"]
[BlackFideId "4119002"]
[WhiteElo "2791"]
[BlackElo "2802"]
[Result "1-0"]
[Round "08"]
[TimeControl "180+1"]
[Date "2022.05.17"]
[WhiteClock "0:01:52"]
[BlackClock "0:00:06"]

1. d4 d5 2. Nf3 Nf6 3. c4 c6 4. Nc3 a6 5. g3 b5 6. c5 g6 7. Bg2 Bg7 8. O-O O-O 9. Ne5 a5 10. a3 Ng4 11. f4 Nxe5 12. fxe5 f6 13. exf6 exf6 14. e4 dxe4 15. Nxe4 Be6 16. Nd6 Qd7 17. Re1 Bd5 18. Bxd5+ cxd5 19. Qf3 Qc6 20. Bf4 Nd7 21. Re7 f5 22. Qe3 Kh8 23. Rxg7 Kxg7 24. Qe7+ Kg8 25. Bh6 1-0


[Site "https://www.chess.com"]

[Event "Titled Tuesday Blitz May 17 Late 2022"]
[White "Gallo Garcia, Kemel Antonio"]
[Black "Ohanyan, Emin"]
[WhiteFideId "3523896"]
[BlackFideId "13312022"]
[WhiteElo "2359"]
[BlackElo "1927"]
[Result "1-0"]
[Round "08"]
[TimeControl "180+1"]
[Date "2022.05.17"]
[WhiteClock "0:00:46"]
[BlackClock "0:00:01"]

1. e4 e5 2. Nf3 Nc6 3. Bb5 f5 4. d3 fxe4 5. dxe4 Nf6 6. O-O Bc5 7. Bxc6 bxc6 8. Nxe5 O-O 9. Nc3 Ba6 10. Nd3 Bb6 11. e5 Nd5 12. Nxd5 cxd5 13. Be3 Bxe3 14. fxe3 Qg5 15. Rxf8+ Rxf8 16. Nf4 c6 17. Qd4 Re8 18. e6 dxe6 19. Qxa7 Qe5 20. Qxa6 Qxe3+ 21. Kh1 Qxf4 22. Qxc6 Qf7 23. Re1 e5 24. h3 e4 25. c4 dxc4 26. Rxe4 Rxe4 27. Qxe4 h6 28. Qe5 Qf1+ 29. Kh2 Qd3 30. a4 Kh7 31. a5 Qb1 32. a6 Qa2 33. Qe4+ Kh8 34. Qa8+ Kh7 35. a7 Qb1 36. Qb8 Qe4 37. a8=Q 1-0


[Site "https://www.chess.com"]

[Event "Titled Tuesday Blitz May 17 Late 2022"]
[White "Gurevich, Dmitry"]
[Black "Korchmar, Vasiliy"]
[WhiteFideId "2000407"]
[BlackFideId "24131750"]
[WhiteElo "2506"]
[BlackElo "2370"]
[Result "1-0"]
[Round "08"]
[TimeControl "180+1"]
[Date "2022.05.17"]
[WhiteClock "0:01:16"]
[BlackClock "0:00:07"]

1. d4 Nf6 2. c4 c6 3. Bf4 d5 4. e3 Bg4 5. Nf3 Nbd7 6. Nbd2 e6 7. Bd3 Bb4 8. O-O Bxd2 9. Qxd2 Bxf3 10. gxf3 O-O 11. Bg3 Qe7 12. Rac1 dxc4 13. Bxc4 e5 14. dxe5 Nxe5 15. Be2 Rfd8 16. Qc3 Ng6 17. Rfd1 h5 18. h3 h4 19. Bh2 Qe6 20. Kg2 Qxa2 21. Bc4 Qa4 22. Ra1 Qxd1 23. Rxd1 Rxd1 24. Bxf7+ Kxf7 25. Qb3+ Rd5 26. Qxb7+ Ne7 27. Qxa8 Rg5+ 28. Kf1 Rb5 29. Bd6 Rxb2 30. Bxe7 Kxe7 31. Qxa7+ Ke6 32. Qxg7 c5 33. Qc7 Rc2 34. Qc6+ Ke7 35. f4 c4 36. f5 Rc1+ 37. Kg2 Nd7 38. Qe6+ Kd8 39. f6 c3 40. Qe7+ Kc8 41. f7 c2 42. f8=Q+ Nxf8 43. Qxf8+ 1-0


[Site "https://www.chess.com"]

[Event "Titled Tuesday Blitz May 17 Late 2022"]
[White "Hansen, Eric"]
[Black "Grischuk, Alexander"]
[WhiteFideId "2606771"]
[BlackFideId "4126025"]
[WhiteElo "2568"]
[BlackElo "2762"]
[Result "0-1"]
[Round "08"]
[TimeControl "180+1"]
[Date "2022.05.17"]
[WhiteClock "0:00:10"]
[BlackClock "0:01:20"]

1. e4 e6 2. d4 d5 3. Nc3 Nf6 4. Bg5 dxe4 5. Nxe4 Be7 6. Bxf6 gxf6 7. Bc4 a6 8. Nf3 b5 9. Bb3 f5 10. Nc3 c5 11. dxc5 Qxd1+ 12. Rxd1 Bb7 13. Ke2 Nd7 14. c6 Bxc6 15. Rhg1 h5 16. Nd4 Bb7 17. g3 Nc5 18. Nf3 Bf6 19. Rd6 Ke7 20. Rdd1 Rac8 21. Ke3 Bxc3 22. bxc3 Nxb3 23. axb3 Rxc3+ 24. Rd3 Rxd3+ 25. cxd3 Bxf3 26. Kxf3 a5 27. Ra1 Ra8 28. Ke3 Kd6 29. Kd4 a4 30. Kc3 Kc5 31. bxa4 bxa4 32. d4+ Kd5 33. Ra3 Rc8+ 0-1


[Site "https://www.chess.com"]

[Event "Titled Tuesday Blitz May 17 Late 2022"]
[White "Indjic, Aleksandar"]
[Black "Bryakin, Mikhail"]
[WhiteFideId "911925"]
[BlackFideId "4165314"]
[WhiteElo "2616"]
[BlackElo "2417"]
[Result "1-0"]
[Round "08"]
[TimeControl "180+1"]
[Date "2022.05.17"]
[WhiteClock "0:00:13"]
[BlackClock "0:00:32"]

1. e4 Nf6 2. e5 Ng8 3. d4 d6 4. Nf3 g6 5. Bc4 Bg7 6. Qe2 Nc6 7. Nbd2 d5 8. Bb5 Bd7 9. c3 a6 10. Bd3 Bg4 11. h3 Bxf3 12. Nxf3 Qd7 13. h4 h6 14. b4 e6 15. a4 Nge7 16. Bf4 a5 17. b5 Na7 18. O-O Nac8 19. h5 Nb6 20. Nh2 O-O-O 21. Bd2 Rdg8 22. f4 Nf5 23. Rf3 gxh5 24. Rh3 Bf8 25. Bxf5 exf5 26. Rxh5 Nc4 27. Be1 Rg6 28. Qd3 Rhg8 29. Ra2 R8g7 30. Re2 c6 31. bxc6 Qxc6 32. Qxf5+ Kb8 33. Qc2 Ne3 34. Rxe3 Rxg2+ 35. Qxg2 Rxg2+ 36. Kxg2 Qg6+ 37. Bg3 Qxh5 38. f5 Kc8 39. e6 fxe6 40. fxe6 Be7 41. Re5 Qg6 42. Nf3 Qc2+ 43. Bf2 Qxc3 44. Rxd5 Qc4 45. Rxa5 Qxe6 46. Ra8+ Kc7 47. Bg3+ Bd6 48. Bxd6+ Qxd6 49. a5 Qg6+ 50. Kf2 h5 51. Rh8 Qc2+ 52. Kg3 Qg6+ 53. Kf2 Qg4 54. Rh6 Kb8 55. Rh7 Ka7 56. Rh6 Qf5 57. Ke3 Qxa5 58. Ke4 Qb5 59. d5 Qe2+ 60. Kf4 Qe8 61. Re6 Qf7+ 62. Ke4 h4 63. Ng5 b5 64. Nxf7 h3 65. Rh6 1-0


[Site "https://www.chess.com"]

[Event "Titled Tuesday Blitz May 17 Late 2022"]
[White "Ivanisevic, Ivan"]
[Black "Svane, Frederik"]
[WhiteFideId "912417"]
[BlackFideId "12923044"]
[WhiteElo "2495"]
[BlackElo "2459"]
[Result "1-0"]
[Round "08"]
[TimeControl "180+1"]
[Date "2022.05.17"]
[WhiteClock "0:00:11"]
[BlackClock "0:00:08"]

1. d4 Nf6 2. c4 e6 3. g3 d5 4. Bg2 Bb4+ 5. Bd2 Be7 6. Nf3 O-O 7. Qc2 c6 8. Bf4 Nbd7 9. Nbd2 b6 10. h4 Bb7 11. e4 dxe4 12. Ng5 c5 13. Ndxe4 Nxe4 14. Nxe4 cxd4 15. Ng5 g6 16. Bxb7 e5 17. Bd2 Nc5 18. Bd5 Kg7 19. Ne4 f5 20. Nxc5 bxc5 21. h5 g5 22. h6+ Kh8 23. g4 fxg4 24. Qe4 Rb8 25. b3 a5 26. Ke2 a4 27. Rab1 Rb6 28. bxa4 Rbf6 29. Rh2 Rf3 30. Rb7 d3+ 31. Kd1 g3 32. Qxe5+ R3f6 33. Qxg3 Qe8 34. Qxd3 Qxa4+ 35. Qc2 Qe8 36. Bc3 g4 37. Rg2 Qh5 38. Rxe7 g3+ 39. f3 Qh1+ 40. Re1 Qxh6 41. Bxf6+ Qxf6 42. Qb2 Qxb2 43. Rxb2 h5 44. Rg2 h4 45. Rh1 Rf4 46. Rxg3 Rd4+ 47. Kc2 1-0


[Site "https://www.chess.com"]

[Event "Titled Tuesday Blitz May 17 Late 2022"]
[White "Jobava, Baadur"]
[Black "Rasulov, Vugar"]
[WhiteFideId "13601520"]
[BlackFideId "13402390"]
[WhiteElo "2617"]
[BlackElo "2560"]
[Result "1-0"]
[Round "08"]
[TimeControl "180+1"]
[Date "2022.05.17"]
[WhiteClock "0:01:47"]
[BlackClock "0:00:25"]

1. b3 d5 2. Bb2 Bf5 3. d3 Nf6 4. Nd2 e6 5. g3 c6 6. Bg2 Bc5 7. e4 Bg6 8. Nh3 O-O 9. Nf4 a5 10. h4 dxe4 11. dxe4 e5 12. Bxe5 Nbd7 13. Bb2 Qe7 14. O-O Rfe8 15. h5 Bxe4 16. Nxe4 Nxe4 17. Bxe4 Rad8 18. Qg4 Nf6 19. Bxf6 Qxf6 20. Qf5 Qxf5 21. Bxf5 Rd2 22. Kg2 g6 23. hxg6 hxg6 24. Bd3 Kg7 25. Rad1 Bb4 26. Rxd2 Bxd2 27. Rd1 Bc3 28. Kf3 Re7 29. a4 f5 30. Bc4 g5 31. Ne6+ Kf6 32. g4 f4 33. Rh1 b5 34. Rh6+ Ke5 35. Nd8 1-0


[Site "https://www.chess.com"]

[Event "Titled Tuesday Blitz May 17 Late 2022"]
[White "Jones, Gawain C B"]
[Black "Bortnyk, Olexandr"]
[WhiteFideId "409561"]
[BlackFideId "14120828"]
[WhiteElo "2657"]
[BlackElo "2723"]
[Result "1-0"]
[Round "08"]
[TimeControl "180+1"]
[Date "2022.05.17"]
[WhiteClock "0:00:03"]
[BlackClock "0:00:05"]

1. e4 d6 2. d4 Nf6 3. Nc3 e5 4. Nge2 Nbd7 5. h3 c6 6. g4 b5 7. a3 a5 8. Bg2 Bb7 9. Ng3 b4 10. axb4 axb4 11. Rxa8 Qxa8 12. Nce2 h6 13. O-O c5 14. d5 g6 15. c3 bxc3 16. Nxc3 Be7 17. Bd2 h5 18. g5 Nh7 19. h4 O-O 20. Bh3 Nb6 21. Nxh5 gxh5 22. Bf5 Kg7 23. Qxh5 Rh8 24. Qh6+ Kg8 25. g6 Ng5 26. gxf7+ Nxf7 27. Qe6 Qf8 28. Ra1 Bc8 29. Qg6+ Qg7 30. Ra7 Bxf5 31. exf5 Rxh4 32. Qxg7+ Kxg7 33. Rxe7 Kf6 34. Rb7 Rg4+ 35. Kf1 Rb4 36. f3 Rxb2 37. Ne4+ Kg7 38. Bg5 Rb1+ 39. Kg2 Rb2+ 40. Kh3 Nc4 41. Bf6+ Kh6 42. Rxf7 1-0


[Site "https://www.chess.com"]

[Event "Titled Tuesday Blitz May 17 Late 2022"]
[White "Kanyamarala, Tarun"]
[Black "Kobo, Ori"]
[WhiteFideId "45004714"]
[BlackFideId "2812320"]
[WhiteElo "2219"]
[BlackElo "2420"]
[Result "0-1"]
[Round "08"]
[TimeControl "180+1"]
[Date "2022.05.17"]
[WhiteClock "0:01:31"]
[BlackClock "0:02:15"]

1. d4 Nf6 2. c4 g6 3. h4 Bg7 4. Nc3 O-O 5. e4 d6 6. Be2 c5 7. d5 b5 8. cxb5 a6 9. a4 axb5 10. Bxb5 Ba6 11. Bxa6 Nxa6 12. Nge2 Qc8 13. Ng3 Nb4 14. h5 Qa6 15. Qe2 Nd3+ 16. Kf1 Rfb8 17. hxg6 hxg6 18. Ra2 Nxc1 0-1


[Site "https://www.chess.com"]

[Event "Titled Tuesday Blitz May 17 Late 2022"]
[White "Keymer, Vincent"]
[Black "Puranik, Abhimanyu"]
[WhiteFideId "12940690"]
[BlackFideId "5061245"]
[WhiteElo "2548"]
[BlackElo "2520"]
[Result "1-0"]
[Round "08"]
[TimeControl "180+1"]
[Date "2022.05.17"]
[WhiteClock "0:02:27"]
[BlackClock "0:00:46"]

1. Nf3 Nf6 2. c4 c5 3. Nc3 d5 4. cxd5 Nxd5 5. e4 Nb4 6. Bc4 Nd3+ 7. Ke2 Nf4+ 8. Kf1 Ne6 9. h4 Nd4 10. Nb5 e6 11. Nbxd4 cxd4 12. d3 Nc6 13. Bf4 a6 14. h5 h6 15. a3 Bd6 16. e5 Be7 17. Rh3 b5 18. Ba2 Bb7 19. Rg3 Bf8 20. Nd2 Ne7 21. Ne4 Nf5 22. Rh3 Qd7 23. g4 Bxe4 24. dxe4 Ne7 25. a4 bxa4 26. Bb1 Nc6 27. Bc2 Be7 28. Bxa4 O-O 29. Rc1 Rfc8 30. Rhc3 1-0


[Site "https://www.chess.com"]

[Event "Titled Tuesday Blitz May 17 Late 2022"]
[White "Kozak, Adam"]
[Black "Amburgy, Ryan"]
[WhiteFideId "753246"]
[BlackFideId "30924820"]
[WhiteElo "2459"]
[BlackElo "2066"]
[Result "1-0"]
[Round "08"]
[TimeControl "180+1"]
[Date "2022.05.17"]
[WhiteClock "0:01:07"]
[BlackClock "0:00:01"]

1. Nf3 d5 2. g3 Nf6 3. Bg2 g6 4. b3 Bg7 5. Bb2 O-O 6. O-O c6 7. c4 a5 8. d4 Bf5 9. Nc3 Na6 10. a3 Ne4 11. e3 Nc7 12. Nd2 Nxc3 13. Bxc3 a4 14. b4 Bd3 15. Re1 dxc4 16. Rc1 Nd5 17. Bb2 b5 18. Ne4 Bxe4 19. Bxe4 Qc7 20. Bg2 Rad8 21. f4 f5 22. Qf3 Rd6 23. g4 Nf6 24. h3 e6 25. Qe2 Nd5 26. Rf1 h6 27. Rf3 Qe7 28. Rcf1 Kh7 29. Bc1 Nc3 30. Qe1 Ne4 31. Qe2 Qh4 32. Qc2 g5 33. gxf5 exf5 34. fxg5 Nxg5 35. Rxf5 Rxf5 36. Qxf5+ Kh8 37. Bd2 Qg3 38. Kh1 c3 39. Bxc3 Qxe3 40. Re1 Bxd4 41. Rxe3 1-0


[Site "https://www.chess.com"]

[Event "Titled Tuesday Blitz May 17 Late 2022"]
[White "Makarian, Rudik"]
[Black "Lamaze, Simon"]
[WhiteFideId "44105681"]
[BlackFideId "36069264"]
[WhiteElo "2419"]
[BlackElo "1999"]
[Result "0-1"]
[Round "08"]
[TimeControl "180+1"]
[Date "2022.05.17"]
[WhiteClock "0:00:13"]
[BlackClock "0:00:32"]

1. d3 e5 2. e4 Nc6 3. Nf3 Nf6 4. Be2 d6 5. O-O Be7 6. c3 O-O 7. b4 a6 8. a4 h6 9. Qc2 Nh7 10. Bb2 f5 11. b5 axb5 12. axb5 Rxa1 13. Bxa1 Nb8 14. Nbd2 fxe4 15. dxe4 Nd7 16. Ne1 Nc5 17. Nd3 Ne6 18. c4 b6 19. Nb4 Bb7 20. g3 Bg5 21. Bg4 Qe7 22. Nd5 Qf7 23. Bc3 Bxd2 24. Bxd2 h5 25. Bxe6 Qxe6 26. Qd3 Rf7 27. Ra1 Nf6 28. Bg5 Nxd5 29. cxd5 Qg4 30. Bd8 Bc8 31. Rc1 Rf3 32. Qc4 Bd7 33. Qxc7 Rd3 34. Qxb6 Qxe4 35. Qb8 Bh3 0-1


[Site "https://www.chess.com"]

[Event "Titled Tuesday Blitz May 17 Late 2022"]
[White "Martinez Alcantara, Jose Eduardo"]
[Black "Holt, Conrad"]
[WhiteFideId "3805662"]
[BlackFideId "2034387"]
[WhiteElo "2690"]
[BlackElo "2586"]
[Result "1-0"]
[Round "08"]
[TimeControl "180+1"]
[Date "2022.05.17"]
[WhiteClock "0:00:04"]
[BlackClock "0:00:01"]

1. Nf3 d5 2. c4 c6 3. g3 Bg4 4. Bg2 Nd7 5. O-O e6 6. Qc2 Bxf3 7. exf3 dxc4 8. Qxc4 Nb6 9. Qb3 Nf6 10. Nc3 Bc5 11. Qc2 O-O 12. b3 e5 13. Ne2 Qd6 14. Bb2 Rad8 15. Rad1 Ba3 16. Ba1 Rfe8 17. d4 exd4 18. Nxd4 Qc5 19. f4 Nbd5 20. Qd3 Nb4 21. Qb1 Nfd5 22. Nf5 g6 23. Nh6+ Kf8 24. Bd4 Qc2 25. Qa1 Re2 26. Bf3 Re6 27. Bh8 f6 28. Rde1 Bb2 29. Qd1 Qxd1 30. Rxd1 Ke7 31. f5 Re5 32. fxg6 hxg6 33. Ng4 Rxh8 34. Nxe5 fxe5 35. Rd2 Bc3 36. Re2 Kf6 37. Rd1 Bd4 38. Rf1 Nc3 39. Rd2 Ncxa2 40. Kg2 Nc3 41. Ra1 a6 42. Re1 c5 43. Bxb7 Rb8 44. Bf3 Nbd5 45. Ra1 Rb6 46. Ra5 e4 47. Be2 e3 48. fxe3 Nxe3+ 49. Kh3 Nxe2 50. Rxe2 Rxb3 51. Rxa6+ Kg7 52. Rf2 Nf5 53. Rf4 Rc3 54. Rg4 Ne7 55. Ra7 Bf6 56. Re4 Kf7 57. Rc7 Rc1 58. Kg2 c4 59. Rcxc4 Rd1 60. Rf4 Rd2+ 61. Rf2 Rd6 62. Re4 Nd5 63. Ra4 Ne3+ 64. Kf3 Nf5 65. Kg2 Bd4 66. Rf3 Kg7 67. Raa3 Bf6 68. Kh3 Rd7 69. Ra6 Rd8 70. Kg2 Rd2+ 71. Kh3 Bg5 72. Ra5 Kh6 73. Ra8 Rd7 74. Rb3 Nd4 75. Rbb8 Bf6 76. Rf8 Bg7 77. Rf4 Ne6 78. Rh4+ Kg5 79. Ra6 Kf5 80. Kg2 Rd2+ 81. Kf1 Rb2 82. Ra5+ Kf6 83. Re4 Rb1+ 84. Kg2 Rb6 85. Re2 Kf7 86. Ra7+ Kg8 87. h4 Nf8 88. Ree7 Bf6 89. Reb7 Rc6 90. Ra8 Rd6 91. Kh3 Rd3 92. Rb6 Bg7 93. Rxg6 Kh7 94. Rg4 Rd7 95. Ra6 Re7 96. Rf4 Ng6 97. Rf5 Ne5 98. Rh5+ Kg8 99. Rg5 Nf7 100. Ra8+ Kh7 101. Rf5 Kg6 102. Rf4 Nh6 103. Ra6+ Kh7 104. Rf3 Rd7 105. g4 Ng8 106. g5 Rd5 107. Ra7 1-0


[Site "https://www.chess.com"]

[Event "Titled Tuesday Blitz May 17 Late 2022"]
[White "Mekhitarian, Krikor Sevag"]
[Black "Vlachos, Anatole"]
[WhiteFideId "2107660"]
[BlackFideId "26093189"]
[WhiteElo "2598"]
[BlackElo "2361"]
[Result "1-0"]
[Round "08"]
[TimeControl "180+1"]
[Date "2022.05.17"]
[WhiteClock "0:01:06"]
[BlackClock "0:01:07"]

1. d4 g6 2. Nf3 Bg7 3. b3 d6 4. Bb2 Nd7 5. Nbd2 e5 6. e3 Qe7 7. Be2 e4 8. Ng1 f5 9. c4 Ngf6 10. h4 O-O 11. Nh3 c6 12. a4 Bh6 13. g3 Re8 14. Nf4 d5 15. Rc1 Qf7 16. Ba3 Bf8 17. Bxf8 Qxf8 18. Qc2 Qb4 19. Kf1 a5 20. cxd5 Nxd5 21. Nxd5 cxd5 22. Qc3 Qxc3 23. Rxc3 Nb8 24. Bb5 Bd7 25. Bxd7 Nxd7 26. Rc7 Nf6 27. Ke2 Rec8 28. Rhc1 Rxc7 29. Rxc7 Rb8 30. Nb1 b5 31. axb5 Rxb5 32. Nd2 Kf8 33. Ra7 Ng4 34. Rxh7 a4 35. bxa4 Rb2 36. a5 Nxf2 37. a6 1-0


[Site "https://www.chess.com"]

[Event "Titled Tuesday Blitz May 17 Late 2022"]
[White "Moroni, Luca Jr"]
[Black "Martinez Reyes, Pedro Ramon"]
[WhiteFideId "865834"]
[BlackFideId "3901807"]
[WhiteElo "2573"]
[BlackElo "2410"]
[Result "1-0"]
[Round "08"]
[TimeControl "180+1"]
[Date "2022.05.17"]
[WhiteClock "0:00:19"]
[BlackClock "0:00:01"]

1. b3 d5 2. Bb2 c6 3. e3 Bf5 4. f4 Nf6 5. h3 h6 6. g4 Be4 7. Nf3 e6 8. d3 Bh7 9. Nbd2 a5 10. a4 Nbd7 11. Rg1 Qb6 12. Qe2 Bc5 13. Bd4 O-O-O 14. O-O-O Rhe8 15. Kb2 Qb4 16. Nb1 Bxd4+ 17. exd4 c5 18. Qd2 Qb6 19. Nc3 Kb8 20. Nb5 Rc8 21. g5 hxg5 22. fxg5 Ng8 23. Qf4+ Ka8 24. Nd6 Qc7 25. Qh2 cxd4 26. Nxc8 Qc3+ 27. Kb1 Rxc8 28. Qd2 Qc5 29. h4 Ne7 30. h5 Bf5 31. h6 Nc6 32. hxg7 Rg8 33. Nh4 Qa3 34. Qc1 Qc5 35. Nxf5 exf5 36. Bh3 Rxg7 37. Bxf5 Nde5 38. Rde1 Rg8 39. Rgf1 Ka7 40. Re2 Re8 41. Rfe1 Re7 42. Qd2 1-0


[Site "https://www.chess.com"]

[Event "Titled Tuesday Blitz May 17 Late 2022"]
[White "Norowitz, Yaacov"]
[Black "Xiong, Jeffery"]
[WhiteFideId "2024799"]
[BlackFideId "2047640"]
[WhiteElo "2412"]
[BlackElo "2727"]
[Result "0-1"]
[Round "08"]
[TimeControl "180+1"]
[Date "2022.05.17"]
[WhiteClock "0:01:07"]
[BlackClock "0:01:11"]

1. d4 c5 2. c3 Nf6 3. Nf3 d5 4. Bg5 Ne4 5. Bh4 Qb6 6. Qb3 Nc6 7. e3 c4 8. Qc2 Bf5 9. Qc1 e6 10. Nbd2 h6 11. Nxe4 Bxe4 12. Nd2 Bh7 13. Be2 g5 14. Bg3 h5 15. Bxh5 Bd3 16. Be2 Bxe2 17. Kxe2 Be7 18. Qc2 f5 19. h4 gxh4 20. Nf3 Qd8 21. Rh3 Qd7 22. Rah1 O-O-O 23. Bxh4 Bxh4 24. Rxh4 Rxh4 25. Rxh4 b5 26. g3 a5 27. Kf1 Kb7 28. Kg2 Qg7 29. Qc1 Rh8 30. Qh1 Rxh4 31. Qxh4 b4 32. Qh5 Qe7 33. Qg6 Kc7 34. Ng5 Kd7 35. a4 bxa3 36. bxa3 Nd8 37. a4 Kc7 38. Qg8 Qd7 39. Qf8 Qxa4 40. Qc5+ Kb7 41. Qd6 Qe8 42. Nh7 Nc6 43. Qc5 Qe7 0-1


[Site "https://www.chess.com"]

[Event "Titled Tuesday Blitz May 17 Late 2022"]
[White "Oparin, Grigoriy"]
[Black "Sismeiro, Miguel"]
[WhiteFideId "24125890"]
[BlackFideId "1950975"]
[WhiteElo "2665"]
[BlackElo "2031"]
[Result "1-0"]
[Round "08"]
[TimeControl "180+1"]
[Date "2022.05.17"]
[WhiteClock "0:02:56"]
[BlackClock "0:00:24"]

1. e4 c6 2. d4 g6 3. e5 Bg7 4. f4 d6 5. Nf3 Nh6 6. Bc4 O-O 7. O-O Bg4 8. c3 Qb6 9. h3 Bxf3 10. Qxf3 d5 11. Bd3 e6 12. g4 c5 13. dxc5 Qxc5+ 14. Be3 Qc7 15. f5 g5 16. f6 Bh8 17. Bxg5 Qb6+ 18. Rf2 Nc6 19. Qf4 Qc7 20. Re2 Nxg4 21. Qxg4 Nxe5 22. Rxe5 Qxe5 23. Bf4+ 1-0


[Site "https://www.chess.com"]

[Event "Titled Tuesday Blitz May 17 Late 2022"]
[White "Ostrovskiy, Aleksandr"]
[Black "Bettalli, Francesco"]
[WhiteFideId "2034239"]
[BlackFideId "2816453"]
[WhiteElo "2340"]
[BlackElo "2216"]
[Result "1-0"]
[Round "08"]
[TimeControl "180+1"]
[Date "2022.05.17"]
[WhiteClock "0:01:26"]
[BlackClock "0:02:17"]

1. d4 e5 2. dxe5 Nc6 3. Nf3 Qe7 4. Bf4 Qb4+ 5. Bd2 Qxb2 6. Nc3 Bb4 7. Rb1 Qa3 8. Nd5 Bxd2+ 9. Qxd2 Kd8 10. e4 Nge7 11. Be2 Ng6 12. O-O Qf8 13. Qc3 Qe8 14. Rfd1 Ngxe5 15. Nd4 Nxd4 16. Qxc7# 1-0


[Site "https://www.chess.com"]